Map: Oxide LE

Players

souL

  • Race: Terran Terran

Serral - Winner!

  • Race: Zerg Zerg

Event: DreamHack SC2 Masters 2021 Fall

VOD

Have the link to the VOD?

Description

Time

  • Played on: Aug. 1, 2021, 12:49 p.m.
  • Length: 10:33

All games in this series

Show
View Real Time Build Order
Export as new Build Order

souL Terran 

Build Orders: Reaper Expand, Hellion Banshee 

Get SALT Encoding   

  12  0:00  SCV  
  13  0:12  SCV  
  14  0:17  Supply Depot  
  14  0:24  SCV  
  15  0:38  SCV  
  15  0:41  Barracks  
  16  0:44  Refinery  
  16  0:51  SCV  
  17  1:03  SCV  
  18  1:15  SCV  
  19  1:28  Orbital Command  
  19  1:29  Reaper  
  20  1:40  Command Center  
  20  1:49  Supply Depot  
  20  1:54  SCV  
  21  2:01  Marine  
  21  2:06  SCV  
  23  2:13  Factory  
  23  2:18  SCV  
  24  2:23  Barracks Reactor  
  24  2:30  SCV  
  25  2:41  Command Center  
  25  2:45  SCV  
  26  2:54  Orbital Command  
  26  2:57  SCV  
  27  3:02  Starport  
  27  3:09  SCV  
  27  3:10  Refinery  
  27  3:12  Hellion  
  30  3:15  Hellion  
  30  3:18  Barracks Tech Lab  
  32  3:21  SCV  
  32  3:23  SCV  
  34  3:33  SCV  
  35  3:35  SCV  
  35  3:36  Hellion  
  35  3:37  Hellion  
  40  3:45  SCV  
  40  3:46  Banshee  
  40  3:47  SCV  
  45  3:54  Orbital Command  
  45  3:57  SCV  
  45  3:58  Hellion x2  
  45  4:01  Cloaking Field  
  50  4:04  SCV  
  50  4:08  Barracks Tech Lab  
  50  4:09  Supply Depot  
  51  4:11  SCV  
  52  4:18  SCV  
  52  4:19  Hellion x2  
  52  4:20  SCV  
  52  4:23  Bunker  
  58  4:26  SCV  
  58  4:30  Banshee  
  62  4:36  SCV, Supply Depot  
  62  4:37  SCV  
  64  4:42  SCV  
  69  4:50  Marine, Stimpack  
  69  4:51  SCV  
  63  4:53  SCV  
  63  4:56  SCV  
  63  4:59  Factory Reactor  
  60  5:00  Barracks  
  60  5:02  Engineering Bay  
  60  5:03  SCV, Engineering Bay  
  60  5:05  Barracks  
  61  5:08  Marine, Refinery x2, SCV  
  61  5:10  Supply Depot  
  61  5:12  Supply Depot  
  63  5:15  SCV  
  63  5:21  SCV  
  65  5:22  Barracks  
  65  5:23  Barracks  
  65  5:26  Marine  
  65  5:27  SCV  
  67  5:28  Orbital Command  
  67  5:31  Terran Infantry Armor Level 1, Terran Infantry Weapons Level 1  
  67  5:33  SCV  
  68  5:39  SCV  
  69  5:43  Supply Depot  
  69  5:45  SCV  
  69  5:48  Starport Reactor  
  70  5:51  Marine x2  
  70  5:52  SCV  
  70  5:54  Siege Tank  
  76  5:57  SCV x2  
  76  5:59  Marine x2  
  76  6:00  Marine  
  76  6:04  SCV  
  81  6:09  Marine, SCV x2  
  81  6:10  Marine  
  85  6:12  Barracks Reactor x2  
  85  6:16  SCV  
  85  6:18  Marine  
  85  6:19  Marine x2  
  85  6:21  SCV x2  
  89  6:26  Supply Depot, Siege Tank  
  89  6:28  SCV  
  89  6:30  Marine x2, Combat Shield  
  89  6:31  Refinery, Supply Depot  
  95  6:33  Supply Depot, SCV x2  
  95  6:35  Medivac x2  
  101  6:47  Marine x3, SCV x3  
  101  6:48  Marine x2  
  101  6:49  Marine x3, Supply Depot  
  101  6:50  Marine  
  101  6:52  Supply Depot  
  107  6:57  Factory  
  107  6:59  SCV, Armory  
  110  7:04  Widow Mine  
  110  7:05  Marine x3  
  110  7:06  Marine x2  
  110  7:07  Marine x3  
  118  7:10  Command Center  
  118  7:13  Liberator  
  118  7:14  Marine  
  122  7:18  Medivac  
  124  7:22  Marine x3  
  124  7:23  Marine x2  
  124  7:25  Marine  
  124  7:27  Marine  
  124  7:28  Supply Depot  
  124  7:29  Marine, SCV x2  
  134  7:32  Widow Mine  
  134  7:34  Marine  
  137  7:40  Marine x3, SCV  
  137  7:41  Marine x2  
  140  7:45  Marine  
  140  7:48  Medivac  
  138  7:54  Missile Turret  
  138  7:55  Marine  
  138  7:56  Medivac  
  141  8:03  Marine  
  134  8:06  Widow Mine  
  134  8:08  SCV, Missile Turret  
  134  8:10  Factory Reactor, Drilling Claws  
  134  8:11  SCV  
  134  8:12  SCV  
  137  8:16  Barracks  
  137  8:17  Barracks x2  
  137  8:18  Medivac  
  139  8:20  SCV  
  139  8:23  SCV  
  139  8:25  Marine x4  
  139  8:26  Medivac, Marauder  
  146  8:27  Widow Mine  
  146  8:28  SCV  
  146  8:33  SCV  
  147  8:35  Supply Depot, SCV  
  147  8:36  Supply Depot  
  147  8:40  SCV  
  149  8:47  SCV  
  149  8:48  Widow Mine, Medivac  
  152  8:54  Widow Mine x2  
  152  8:55  Marine  
  157  8:56  Medivac, Marauder  
  157  9:00  SCV x2  
  161  9:06  Barracks Tech Lab  
  161  9:07  Marine, Barracks Tech Lab x2  
  161  9:08  Marine x3  
  167  9:10  Widow Mine  
  167  9:11  SCV  
  167  9:12  Marine x3  
  167  9:13  Marine  
  169  9:17  Marauder  
  169  9:18  Medivac  
  169  9:22  Widow Mine  
  166  9:25  Marine x4  
  166  9:26  Medivac  
  166  9:30  Marine x3  
  172  9:35  Supply Depot  
  172  9:37  Supply Depot x2  
  172  9:43  Marauder  
  171  9:48  Widow Mine  
  171  9:49  Widow Mine, Medivac  
  171  9:50  Thor  
  163  9:55  Marine  
  163  9:56  Medivac, Marauder x2  
  163  9:58  SCV  
  163  9:59  SCV  
  171  10:01  Marine, Marauder  
  174  10:09  Widow Mine  
  174  10:10  Widow Mine  
  174  10:11  SCV  
Show
View Real Time Build Order
Export as new Build Order

Serral Zerg - Winner!

Build Orders: Hatch First, Muta Ling Bane 

Get SALT Encoding   

  12  0:00  Drone  
  13  0:12  Overlord  
  13  0:16  Drone  
  14  0:30  Drone x2  
  16  0:47  Hatchery  
  15  0:51  Drone  
  15  0:54  Drone  
  17  0:58  Drone  
  18  1:08  Extractor  
  17  1:14  Spawning Pool  
  17  1:16  Drone  
  17  1:20  Drone  
  18  1:27  Drone  
  19  1:38  Drone  
  20  1:48  Drone  
  21  2:00  Queen x2  
  26  2:01  Zergling x4  
  27  2:10  Overlord  
  27  2:11  Drone  
  28  2:22  Hatchery  
  27  2:25  Drone  
  28  2:31  Drone x2  
  28  2:33  Drone  
  31  2:37  Metabolic Boost  
  31  2:45  Queen  
  31  2:49  Overlord  
  33  2:52  Drone  
  33  2:55  Drone  
  33  2:56  Drone  
  36  3:08  Drone x5  
  41  3:14  Roach Warren  
  41  3:17  Drone  
  41  3:19  Overlord  
  41  3:25  Queen  
  43  3:27  Drone  
  43  3:33  Overlord  
  44  3:36  Drone  
  44  3:38  Drone x2  
  47  3:41  Drone x2  
  47  3:43  Overlord  
  49  3:56  Roach x4  
  49  3:58  Roach x2  
  49  4:02  Queen  
  61  4:07  Zergling x6  
  66  4:10  Overlord  
  66  4:13  Drone x2  
  68  4:18  Overlord  
  68  4:21  Drone x3  
  68  4:24  Drone  
  72  4:27  Overlord  
  72  4:29  Drone x2  
  72  4:30  Drone  
  75  4:35  Lair  
  75  4:37  Extractor, Drone  
  75  4:39  Zergling x2  
  75  4:41  Overlord  
  75  4:42  Drone  
  75  4:43  Drone  
  75  4:45  Drone  
  75  4:54  Zergling x2  
  75  4:55  Zergling x2  
  75  4:56  Drone x2  
  75  4:57  Drone x2  
  75  4:58  Drone  
  76  5:01  Queen  
  76  5:02  Drone  
  76  5:07  Extractor x2  
  76  5:08  Drone x2  
  76  5:10  Baneling Nest  
  76  5:13  Overlord  
  76  5:14  Drone x5  
  76  5:16  Spore Crawler  
  76  5:17  Spore Crawler  
  76  5:19  Spore Crawler  
  76  5:20  Drone  
  79  5:22  Drone x2  
  81  5:29  Overlord  
  81  5:30  Drone x2  
  81  5:35  Spire  
  82  5:36  Extractor, Drone x3  
  82  5:37  Extractor  
  82  5:38  Overseer  
  82  5:41  Overseer  
  83  5:45  Drone x3  
  86  5:51  Hatchery  
  86  5:54  Overlord  
  86  5:55  Drone x2  
  87  6:03  Overlord, Centrifical Hooks  
  88  6:04  Drone x2  
  88  6:10  Overlord  
  89  6:13  Zergling x12  
  89  6:18  Zergling x8  
  99  6:24  Zergling x6  
  102  6:28  Overlord  
  102  6:32  Overlord  
  102  6:35  Zergling x2  
  102  6:36  Zergling x6  
  105  6:53  Mutalisk x7  
  117  6:55  Zerg Flyer Weapons Level 1, Mutalisk  
  117  7:00  Mutalisk  
  123  7:01  Evolution Chamber x2  
  123  7:03  Queen  
  123  7:09  Drone x8  
  123  7:12  Baneling x8  
  131  7:17  Overlord  
  131  7:18  Zergling x8  
  135  7:25  Overlord  
  135  7:30  Drone  
  135  7:31  Overlord  
  135  7:33  Zerg Melee Weapons Level 1, Zerg Ground Armor Level 1  
  135  7:34  Zergling x10  
  141  7:37  Overlord  
  141  7:43  Zergling x14  
  147  7:54  Hatchery  
  142  7:59  Drone x11  
  142  8:05  Mutalisk x3  
  151  8:08  Pneumatized Carapace  
  157  8:15  Mutalisk x3  
  157  8:18  Extractor  
  162  8:20  Overlord  
  162  8:21  Overseer  
  162  8:22  Baneling x4  
  162  8:24  Zergling x14  
  169  8:31  Zergling x6  
  172  8:38  Burrow  
  172  8:41  Baneling x9  
  172  8:51  Zergling x20  
  172  8:52  Zergling x10  
  183  9:05  Baneling x13  
  183  9:08  Zergling x16  
  183  9:09  Zergling x18  
  199  9:31  Drone  
  199  9:33  Baneling x14, Infestation Pit  
  199  9:34  Overlord x2  
  199  9:35  Drone x3  
  199  9:38  Spore Crawler  
  195  9:50  Zergling x26, Hatchery  
  195  9:51  Zergling x6  
  195  10:05  Drone  
  195  10:06  Drone x2  

Tags
 
Add a new tag
Caveats
  • Supply blocks, unpowered buildings, or Contaminate may cause inaccurate times.
  • Supply counts are checked every 10 seconds.